AoeStats
← Savy

Arabia

510111693Analyzed
1v1 RM · 1d ago on Sep 29, 2026· 17m 36s· 2 players
Game mode
Random Map
Map size
Tiny (2 player)
Population
200
Speed
Normal
Resources
Standard
Victory
Conquest
Starting age
Dark Age
Ending age
Imperial Age
RankedLock teamsTeams togetherTeam positionsShared explorationLock speedFull tech treeHidden civsTurbo modeCheats
Victory
Defeat
🇮🇳 Romans · India
1225
+15
🇮🇳 Byzantines · India
1208
-15
dany
5:25 Loom
12:10 Feudal Age
12:56 Horse Collar
14:18 Fletching
15:42 Padded Archer Armor
Savy
5:48 Loom
8:57 Feudal Age
9:02 Man-at-Arms
12:34 Fletching
14:08 Scale Mail Armor
Connection lost

Rejoining the realm…

Still unreachable

The connection could not be restored.

Session expired

The server has moved on; the page needs a fresh start.